AoeStats
← AxingQuestions

Nomad

504357478Analyzed
4v4 RM · 27d ago on Sep 5, 2026· 37m 3s· 8 players
Game mode
Random Map
Map size
231×231
Population
200
Speed
Normal
Resources
Standard
Victory
Conquest
Starting age
Dark Age
Ending age
Imperial Age
RankedLock teamsTeams togetherTeam positionsShared explorationLock speedFull tech treeHidden civsTurbo modeCheats
Victory
Defeat
🇲🇽 Persians · Mexico
1178
+17
🇭🇰 Mongols · Hong Kong SAR China
1177
+17
🇺🇸 Bengalis · United States
1173
+19
🇲🇽 Malians · Mexico
1168
+18
🇨🇳 Slavs · China
1213
-18
🇦🇷 Persians · Argentina
1209
-18
🇨🇳 Berbers · China
1209
-18
🇨🇳 Spanish · China
1205
-17
Mauzic
6:52 Loom
19:57 Feudal Age
19:58 Man-at-Arms
28:35 Castle Age
27:00 Double-Bit Axe
27:00 Horse Collar
30:35 Bow Saw
33:05 Wheelbarrow
35:57 Heavy Plow
36:35 Fervor
36:55 Hand Cart
AxingQuestions
7:14 Loom
14:36 Feudal Age
18:46 Castle Age
16:33 Double-Bit Axe
16:46 Town Watch
19:47 Bow Saw
19:44 Horse Collar
21:15 Wheelbarrow
23:10 Heavy Plow
24:39 Hand Cart
24:40 Town Patrol
31:48 Imperial Age
29:10 Gold Mining
29:13 Stone Mining
30:21 Fishing Lines
31:46 Scale Barding Armor
31:51 Forging
31:52 Husbandry
32:03 Bloodlines
31:58 Elite Battle Elephant
33:01 Chain Barding Armor
33:42 Conscription
33:35 Paiks
34:28 Iron Casting
34:35 Plate Barding Armor
34:40 Gold Shaft Mining
37:15 Two-Man Saw
36:47 Crop Rotation
武帝曹操
6:12 Loom
14:54 Feudal Age
15:33 Double-Bit Axe
15:55 Stone Mining
18:29 Castle Age
16:26 Gold Mining
18:43 Fletching
18:55 Padded Archer Armor
20:32 Horse Collar
21:41 Bow Saw
25:39 Bodkin Arrow
27:43 Leather Archer Armor
30:45 Ballistics
37:30 Wheelbarrow
The Kraken
4:16 Loom
12:44 Feudal Age
17:37 Castle Age
15:53 Double-Bit Axe
18:45 Bow Saw
22:35 Horse Collar
22:47 Gold Mining
28:09 Gold Shaft Mining
31:35 Imperial Age
29:53 Wheelbarrow
31:06 Forging
30:57 Scale Mail Armor
31:19 Stone Mining
31:31 Heavy Plow
33:42 Chemistry
33:58 Fletching
35:27 Conscription
36:03 Iron Casting
36:57 Coinage
鲨丁鱼
12:11 Loom
13:56 Feudal Age
16:32 Double-Bit Axe
18:50 Castle Age
19:04 Horse Collar
26:26 Scale Barding Armor
30:24 Gold Mining
32:59 Chain Barding Armor
32:32 Stone Mining
32:45 Heavy Plow
32:57 Bow Saw
34:27 Wheelbarrow
37:39 Imperial Age
35:57 Forging
36:26 Stone Shaft Mining
36:15 Bloodlines
月が綺麗
12:52 Feudal Age
16:37 Loom
31:15 Castle Age
30:32 Double-Bit Axe
30:32 Horse Collar
34:34 Bloodlines
34:24 Husbandry
34:19 Fletching
34:29 Padded Archer Armor
36:38 Bodkin Arrow
fyerlang
4:54 Loom
18:08 Feudal Age
22:58 Castle Age
23:50 Double-Bit Axe
23:49 Horse Collar
25:00 Husbandry
28:16 Bloodlines
28:43 Town Watch
30:39 Wheelbarrow
30:00 Fletching
myckro
4:31 Loom
16:22 Feudal Age
21:06 Castle Age
19:17 Double-Bit Axe
24:34 Forging
24:30 Scale Barding Armor
31:13 Imperial Age
29:23 Wheelbarrow
28:34 Town Watch
32:11 Horse Collar
32:46 Bloodlines
32:37 Husbandry
34:08 Hand Cart
34:00 Fletching
34:47 Iron Casting
34:25 Elite Skirmisher
35:28 Thumb Ring
Connection lost

Rejoining the realm…

Still unreachable

The connection could not be restored.

Session expired

The server has moved on; the page needs a fresh start.